 Dungeon Crawl Stone Soup version 0.28.0-53-g5a82cb258f (webtiles) character file.

Game seed: 17548183007499558164

10 moldycheese5 the Skirmisher (level 2, 0/24 HPs)
             Began as a Demonspawn Abyssal Knight on June 17, 2022.
             Was an Initiate of Lugonu.
             Frozen to death by an endoplasm (2 damage)
             ... on level 1 of the Dungeon.
             The game lasted 00:00:24 (62 turns).

moldycheese5 the Skirmisher (DsAK)                    Turns: 62, Time: 00:00:25

Health: 0/24       AC:  3    Str: 13    XL:     2   Next: 10%
Magic:  3/3        EV:  8    Int: 11    God:    Lugonu [......]
Gold:   0          SH:  0    Dex: 13    Spells: 1/1 levels left

rFire   . . .      SeeInvis .   a - +1 spear
rCold   . . .      Faith    .   (no shield)
rNeg    . . .      Spirit   .   b - +0 leather armour
rPois   .          Reflect  .   (no helmet)
rElec   .          Harm     .   (no cloak)
rCorr   .          Rampage  .   (no gloves)
Will    .....                   (no boots)
Stlth   +.........              (no amulet)
HPRegen 0.08/turn               (no ring)
MPRegen 0.08/turn               (no ring)

@: constricted
A: ignite blood 1
a: Renounce Religion


You were on level 1 of the Dungeon.
You worshipped Lugonu.
Lugonu was noncommittal.
You visited 1 branch of the dungeon, and saw 1 of its levels.
You visited the Abyss 1 time.

Inventory:

Hand Weapons
 a - a +1 spear (weapon)
Armour
 b - a +0 leather armour (worn)


   Skills:
 + Level 3.2 Fighting
 + Level 2.2 Polearms
 + Level 1.9 Armour
 + Level 0.8 Dodging
 + Level 2.4 Invocations


You had one spell level left.
You didn't know any spells.
Your spell library was empty.

Dungeon Overview and Level Annotations

Branches:
Dungeon (1/15)

Altars:


Innate Abilities, Weirdness & Mutations

Your demonic aura sometimes causes spilled blood to erupt in flames.


Message History

The giant cockroach is severely wounded.
The giant cockroach bites you but does no damage.
You hit the giant cockroach but do no damage.
The giant cockroach is severely wounded.
The giant cockroach bites you.
You hit the giant cockroach.
The giant cockroach is almost dead.
The giant cockroach bites you but does no damage.
The giant cockroach barely misses you.
You hit the giant cockroach.
You kill the giant cockroach!
Lugonu accepts your kill. The endoplasm hits you.
You hit the endoplasm but do no damage.
A ball python comes into view.
The endoplasm freezes you.
You are frozen.
The ball python hisses angrily.
You hit the endoplasm.
The endoplasm is moderately wounded.
The endoplasm hits you.
* * * LOW HITPOINT WARNING * * *
You barely miss the endoplasm.
The endoplasm is moderately wounded.
The ball python closely misses you. The ball python grabs you.
The ball python constricts you. The endoplasm freezes you.
You are frozen.
* * * LOW HITPOINT WARNING * * *
Okay, then.
You hit the endoplasm.
The endoplasm is severely wounded.
The ball python bites you but does no damage.
The ball python constricts you.
The ball python bites you but does no damage.
The ball python constricts you.
* * * LOW HITPOINT WARNING * * *
The endoplasm freezes you.
You are frozen.
You die...

###############
#......$...$..#
......Jr.....
...rJr...
#######J#######
#......@S.....#
+⌠....###....⌠+
#......<......#
#..⌠...>...⌠..#
###+#######'###
... .....
.......
.........


You could see 3 endoplasms, a ball python and 3 rats.

Vanquished Creatures
  2 endoplasms (D:1)
  4 giant cockroaches (D:1)
  A jackal (D:1)
  A rat (D:1)
8 creatures vanquished.

Notes
Turn   | Place    | Note
-------+----------+-------------------------------------------
     0 | Abyss:1  | moldycheese5 the Demonspawn Abyssal Knight began the quest
                  | for the Orb.
     0 | Abyss:1  | Reached XP level 1. HP: 18/18 MP: 2/2
     0 | D:1      | Escaped the Abyss
    14 | D:1      | Found a runed translucent door.
    51 | D:1      | Gained mutation: Your demonic aura sometimes causes spilled
                  | blood to erupt in flames. [demonic ancestry]
    51 | D:1      | Reached XP level 2. HP: 13/24 MP: 3/3
    62 | D:1      | Frozen to death by an endoplasm

Illustrated notes

Levels and vault maps discovered:
D:1:      dpeg_arrival_caged_fury, layout_basic, serial_shops,
          nicolae_shop_behind_doors, ebering_ecumenical_altar_box,
          dk_noncrumbling_4, chequers_arboretum

Skill      XL: |  1 |
---------------+----+-----
Polearms       | 2 |  2.2
Fighting       | |  3.2
Armour         | |  1.9
Dodging        | |  0.8
Invocations    | |  2.4

Action                   || total
-------------------------++-------
Melee: Spear             ||    35
Invok: Depart the Abyss  ||     1
Armor: Leather armour    ||     9
Dodge: Dodged            ||    16
